 Dungeon Crawl Stone Soup version 0.13-a0-2643-gffe6e9f (webtiles) character file.

13026 Kae the Arsonist (level 11, -13/54 HPs)
             Began as a Tengu Fire Elementalist on Aug 8, 2013.
             Was an Elder of Vehumet.
             Mangled by a seven-headed hydra (18 damage)
             ... on Level 1 of the Lair of Beasts.
             The game lasted 00:41:11 (16808 turns).

Kae the Arsonist (Tengu Fire Elementalist)         Turns: 16808, Time: 00:41:11

HP -13/54        AC  4     Str 11      XL: 11   Next: 88%
MP  24/28        EV 12     Int 19      God: Vehumet [****..]
Gold 893         SH  0     Dex 14      Spells:  9 memorised,  3 levels left

Res.Fire  : + . .   See Invis. : .   j - +3,+2 whip (reach)
Res.Cold  : x . .   Warding    : .   S - +0 elf robe
Life Prot.: . . .   Conserve   : .   (no shield)
Res.Poison: .       Res.Corr.  : .   (helmet restricted)
Res.Elec. : .       Clarity    : .   v - +0 cloak
Sust.Abil.: . .     Spirit.Shd : .   P - +0 pair of orc gauntlets (curse)
Res.Mut.  : .       Stasis     : .   (boots unavailable)
Res.Rott. : .       Flight     : .   (no amulet)
Saprovore : . . .                    J - ring of fire
                                     t - cursed +2 ring of strength

@: somewhat resistant to hostile enchantments, fairly stealthy
A: able to fly, beak, talons 3
a: Fly, Renounce Religion


You were on level 1 of the Lair of Beasts.
You worshipped Vehumet.
Vehumet was extremely pleased with you.
You were not hungry.

You visited 3 branches of the dungeon, and saw 13 of its levels.

You collected 873 gold pieces.

Inventory:

Hand weapons
 f - a +0,+0 whip
 j - a +3,+2 whip of reaching (weapon)
Missiles
 D - 79 darts (quivered)
Armour
 v - a +0 cloak (worn)
 P - a cursed +0 pair of orcish gauntlets (worn)
 S - a +0 elven robe (worn)
Magical devices
 g - a wand of enslavement (1)
 C - a wand of disintegration (2)
 I - a wand of polymorph (4)
 K - a wand of polymorph (4)
 L - a wand of digging (10) {unknown}
Comestibles
 c - 5 bread rations
 l - 3 chokos
 r - 2 apples
 s - 4 meat rations
 u - 9 sultanas
 H - a pear
 T - a beef jerky
Scrolls
 d - 3 scrolls of enchant weapon I
 n - 5 scrolls of identify
 p - a scroll of fear
 q - 3 scrolls of fog
 w - 2 scrolls of magic mapping {unknown}
 x - a scroll of curse armour
 y - a scroll of amnesia {unknown}
 E - 9 scrolls of remove curse
 M - 2 scrolls of immolation
 N - 2 scrolls of teleportation
 O - a scroll of enchant weapon II
 R - a scroll of recharging {unknown}
Jewellery
 i - an uncursed ring of teleport control
 t - a cursed +2 ring of strength (left hand)
 J - a ring of fire (right hand)
Potions
 a - a potion of slowing {unknown}
 e - a potion of porridge
 h - a potion of curing
 k - a potion of flight
 m - 2 potions of degeneration
 o - a potion of mutation
 z - a potion of speed {unknown}
 A - a potion of berserk rage
 F - a potion of poison
 Q - a potion of cure mutation {unknown}
 U - a potion of agility {unknown}
Books
 b - a book of Flames

   Spells                             Type                      Level
   *Flame Tongue                      Conjuration/Fire             1
   *Throw Flame                       Conjuration/Fire             2
   *Conjure Flame                     Conjuration/Fire             3
   Inner Flame                        Hexes/Fire                   3
   *Sticky Flame                      Conjuration/Fire             4
   *Fireball                          Conjuration/Fire             5
 B - a book of Spatial Translocations

   Spells                             Type                      Level
   Apportation                        Translocation                1
   Portal Projectile                  Translocation                2
   *Blink                             Translocation                2
   Shroud of Golubria                 Charms/Translocation         2
   Teleport Other                     Translocation                3
   Passage of Golubria                Translocation                4
 G - a book of Necromancy

   Spells                             Type                      Level
   Pain                               Necromancy                   1
   Animate Skeleton                   Necromancy                   1
   Lethal Infusion                    Charms/Necromancy            2
   Vampiric Draining                  Necromancy                   3
   Regeneration                       Charms/Necromancy            3
   Animate Dead                       Necromancy                   4
   Control Undead                     Necromancy                   4
Miscellaneous
 V - a bottled efreet


   Skills:
 - Level 2.1 Dodging
 - Level 2.0 Stealth
 + Level 8.6 Spellcasting
 + Level 13.0 Conjurations
 * Level 13.6 Fire Magic


You had 3 spell levels left.
You knew the following spells:

 Your Spells              Type           Power        Failure   Level  Hunger
a - Flame Tongue          Conj/Fire      #####        1%          1    None
b - Throw Flame           Conj/Fire      ######       1%          2    None
c - Conjure Flame         Conj/Fire      ######..     1%          3    None
d - Sticky Flame          Conj/Fire      ######..     1%          4    ###....
e - Fireball              Conj/Fire      ######....   1%          5    ####...
f - Shock                 Conj/Air       ####         1%          1    None
g - Blink                 Tloc           N/A          14%         2    None
h - Sting                 Conj/Pois      ####         1%          1    None
i - Bolt of Magma         Conj/Fire/Erth ######....   2%          5    ####...


Dungeon Overview and Level Annotations

Branches:
Dungeon (11/27)            Temple (1/1) D:6             Orc (0/4) D:10
   Lair (1/8) D:8

Altars:
Ashenzari
Cheibriados
Elyvilon
Fedhas
Kikubaaqudgha
Makhleb
Nemelex Xobeh
Okawaru
Sif Muna
Trog
Vehumet
Xom
Yredelemnul
Zin
the Shining One
Lugonu

Portals:
Volcano: Lair:1

Annotations
D:2 exclusion: Terence
D:6 1 exclusion


Innate Abilities, Weirdness & Mutations

You can fly.
You have a beak for a mouth.
You have claws for feet.


Message History

Found an elven scale mail.
You offer a prayer to Vehumet.
Vehumet is extremely pleased with you.
A seven-headed hydra comes into view.
Casting: Throw Flame
Confirm with . or Enter, or press ? or * to list all spells.
Aiming: Sticky Flame
Press: ? - help, Shift-Dir - straight line, f - seven-headed hydra
Aim: a seven-headed hydra (resting)
You feel a surge of power!
The sticky flame hits the seven-headed hydra.
The seven-headed hydra is lightly wounded.
The seven-headed hydra is covered in liquid flames!
The seven-headed hydra burns!
The seven-headed hydra bites you! The seven-headed hydra bites you!
The seven-headed hydra bites you. The seven-headed hydra bites you.
The seven-headed hydra bites you! The seven-headed hydra bites you!
* * * LOW HITPOINT WARNING * * *
The seven-headed hydra bites you!
You die...

..f#.#.........#
....#........#.#
#............##
#............##
......[......#
.........#..##
...[......###
..........##
##.....@##
###...#D...#
#... ...f# #...
....# #... #..##
#... #.# ###. ..
## ..


You could see a seven-headed hydra (burning).

Vanquished Creatures
  Josephine (D:11)
  A hydra (D:11)
  Joseph (D:10)
  A cyclops (D:11)
  Maurice (D:11)
  A spiny frog (Lair:1)
  2 trolls (D:10)
  A two-headed ogre (D:11)
  A slime creature (D:7)
  A trapdoor spider (D:11)
  8 yaks
  A hungry ghost (D:8)
  Eustachio (D:10)
  A wraith (D:10)
  A hill giant skeleton (D:11)
  3 hippogriffs
  Edmund (D:6)
  4 sky beasts
  The ghost of topse123 the Sneak, an average NaEn (D:5)
  A phantom (D:9)
  3 orc warriors
  4 giant goldfish (D:6)
  5 ogres
  A black bear (D:6)
  5 ice beasts
  2 boring beetles (D:8)
  2 centaurs
  A big kobold (D:11)
  5 giant frogs
  2 giant goldfish zombies (D:9)
  6 killer bees (D:7)
  A hippogriff zombie (D:11)
  An eye of draining (D:11)
  A yak skeleton (D:11)
  A hippogriff skeleton (D:11)
  12 wights
  3 jellyfish (D:6)
  An electric eel (D:6)
  A troll skeleton (D:7)
  7 crimson imps
  4 big fish (D:6)
  4 hounds
  4 orc priests
  A giant frog skeleton (D:4)
  2 goliath beetles
  2 scorpions
  Crazy Yiuf (D:2)
  A centaur skeleton (D:4)
  A giant frog zombie (D:11)
  7 orc wizards
  A water moccasin zombie (D:10)
  6 worker ants
  A hound zombie (D:7)
  An ogre skeleton (D:8)
  11 jellies
  Terence (D:2)
  A mummy (D:10)
  A hound skeleton (D:7)
  6 gnolls
  4 giant centipedes
  A green rat (D:10)
  2 lemures (D:10)
  16 adders
  2 giant mites
  2 worker ant simulacra (D:11)
  5 worms
  An inept feature mimic (D:5)
  An ufetubus (D:10)
  An adder zombie (D:6)
  2 iguana skeletons
  2 iguana zombies
  An adder skeleton (D:5)
  A giant eyeball (D:9)
  5 giant geckos
  11 oozes
  28 orcs
  7 ball pythons
  26 bats
  A bat skeleton (D:6)
  15 goblins
  17 hobgoblins
  16 jackals
  16 kobolds
  6 giant cockroaches
  A giant gecko skeleton (D:4)
  2 giant newts
  2 giant spores
  A hobgoblin zombie (D:6)
  2 orc skeletons (D:4)
  An orc zombie (D:9)
  5 quokkas
  16 rats
  3 ballistomycetes
  A plant (D:6)
376 creatures vanquished.

Vanquished Creatures (others)
  A worker ant (D:11)
  6 fungi (D:7)
  2 plants (D:6)
9 creatures vanquished.

Grand Total: 385 creatures vanquished

Notes
Turn   | Place    | Note
--------------------------------------------------------------
     0 | D:1      | Kae, the Tengu Fire Elementalist, began the quest for the Orb.
     0 | D:1      | Reached XP level 1. HP: 10/10 MP: 3/3
   379 | D:1      | Reached XP level 2. HP: 15/15 MP: 5/5
   385 | D:1      | Learned a level 2 spell: Throw Flame
   991 | D:1      | Reached XP level 3. HP: 19/19 MP: 4/7
  1661 | D:2      | Noticed Terence
  1814 | D:2      | Learned a level 3 spell: Conjure Flame
  1835 | D:2      | Reached XP level 4. HP: 21/24 MP: 2/9
  1967 | D:2      | Noticed Crazy Yiuf
  1980 | D:2      | Killed Crazy Yiuf
  1980 | D:2      | Reached skill level 4 in Conjurations
  2278 | D:2      | Killed Terence
  2384 | D:3      | Found a sparkling altar of Nemelex Xobeh.
  2386 | D:3      | Reached XP level 5. HP: 26/28 MP: 6/11
  2489 | D:3      | Noticed an orc warrior
  2811 | D:3      | Found a deep blue altar of Sif Muna.
  3717 | D:3      | Killed an orc warrior
  3717 | D:3      | Reached skill level 5 in Conjurations
  3717 | D:3      | Reached XP level 6. HP: 32/32 MP: 7/14
  4136 | D:4      | Reached skill level 6 in Conjurations
  4332 | D:4      | Found a bloodstained altar of Trog.
  4338 | D:4      | Noticed Edmund
  4669 | D:4      | Reached XP level 7. HP: 23/36 MP: 8/16
  4738 | D:4      | Reached skill level 5 in Fire Magic
  4896 | D:4      | Reached skill level 7 in Conjurations
  5020 | D:4      | Learned a level 4 spell: Sticky Flame
  5324 | D:5      | Entered Level 5 of the Dungeon
  5480 | D:5      | Noticed topse123's ghost (average NaEn)
  5517 | D:5      | Killed topse123's ghost
  5517 | D:5      | Reached XP level 8. HP: 41/41 MP: 8/20
  5842 | D:5      | Reached skill level 8 in Conjurations
  5850 | D:5      | Learned a level 5 spell: Fireball
  5895 | D:5      | Paralysed by a potion of paralysis for 2 turns
  6709 | D:6      | Found an iron altar of Okawaru.
  6867 | D:6      | Killed Edmund
  7045 | D:6      | Reached skill level 5 in Spellcasting
  7171 | D:6      | Reached skill level 9 in Conjurations
  7205 | D:6      | Reached XP level 9. HP: 25/45 MP: 13/22
  7659 | D:6      | Found an ancient bone altar of Kikubaaqudgha.
  7949 | D:6      | Found a staircase to the Ecumenical Temple.
  7969 | Temple   | Entered the Ecumenical Temple
  8000 | Temple   | Became a worshipper of Vehumet
  8891 | D:7      | Reached skill level 10 in Conjurations
  9479 | D:7      | Reached skill level 10 in Fire Magic
  9480 | D:7      | Found a snail-covered altar of Cheibriados.
  9788 | D:7      | Reached XP level 10. HP: 24/50 MP: 15/24
  9794 | D:7      | Acquired Vehumet's first power
  9794 | D:7      | Offered knowledge of Shock by Vehumet.
 10772 | D:8      | Learned a level 1 spell: Shock
 10775 | D:8      | Learned a level 2 spell: Blink
 10796 | D:8      | Found a staircase to the Lair.
 11454 | D:9      | Reached skill level 11 in Conjurations
 11475 | D:9      | Paralysed by a giant eyeball for 2 turns
 11948 | D:9      | Found a burning altar of Makhleb.
 11950 | D:9      | Found a glowing silver altar of Zin.
 11950 | D:9      | Noticed an angel
 11950 | D:9      | Noticed a green death
 12567 | D:9      | Offered knowledge of Sting by Vehumet.
 12570 | D:9      | Learned a level 1 spell: Sting
 13107 | D:9      | Found a basalt altar of Yredelemnul.
 13143 | D:10     | Entered Level 10 of the Dungeon
 13160 | D:10     | Found a staircase to the Orcish Mines.
 13174 | D:10     | Noticed Joseph
 13182 | D:10     | Killed Joseph
 13183 | D:10     | Reached skill level 12 in Fire Magic
 13183 | D:10     | Reached XP level 11. HP: 21/54 MP: 15/27
 14167 | D:10     | Noticed Eustachio
 14195 | D:10     | Killed Eustachio
 14677 | D:11     | Noticed Josephine
 14681 | D:11     | Offered knowledge of Stone Arrow by Vehumet.
 14682 | D:11     | Killed Josephine
 15099 | D:11     | Noticed Maurice
 15102 | D:11     | Killed Maurice
 15248 | D:11     | Reached skill level 13 in Fire Magic
 15344 | D:11     | Acquired Vehumet's second power
 15472 | D:11     | HP: 2/54 [poisoned by a kobold]
 15951 | D:11     | Offered knowledge of Airstrike by Vehumet.
 16083 | D:11     | Noticed a five-headed hydra
 16094 | D:11     | Killed a five-headed hydra
 16578 | Lair:1   | Entered Level 1 of the Lair of Beasts
 16583 | Lair:1   | Acquired Vehumet's third power
 16777 | Lair:1   | Offered knowledge of Bolt of Magma by Vehumet.
 16783 | Lair:1   | Found a dark tunnel.
 16793 | Lair:1   | Learned a level 5 spell: Bolt of Magma
 16807 | Lair:1   | Noticed a seven-headed hydra
 16808 | Lair:1   | Mangled by a seven-headed hydra

Action                   |  1- 3 |  4- 6 |  7- 9 | 10-12 || total
-------------------------+-------+-------+-------+-------++-------
Melee: Unarmed           |     1 |       |       |       ||     1
       Whip              |    30 |    63 |    63 |    88 ||   244
Throw: Dart              |       |     1 |     2 |     6 ||     9
 Cast: Flame Tongue      |    68 |   135 |   208 |   218 ||   629
       Conjure Flame     |       |     7 |     7 |    10 ||    24
       Throw Flame       |       |    11 |    83 |   145 ||   239
       Sticky Flame      |       |       |    15 |    24 ||    39
       Fireball          |       |       |       |    26 ||    26
       Shock             |       |       |       |    29 ||    29
 Abil: Fly               |       |     2 |       |     1 ||     3
Evoke: Wand              |       |       |     6 |       ||     6
  Use: Potion            |       |     2 |     7 |     5 ||    14
       Scroll            |       |       |    17 |       ||    17
 Stab: Sleeping          |     2 |     2 |     3 |     1 ||     8
       Distracted        |       |       |     1 |       ||     1
